 Dungeon Crawl Stone Soup version 0.31-a0-1591-g515db51633 (webtiles) character file.

Game seed: 8894119649104986235

2937 Curundu the Cleaver (level 9, -1/79 HPs)
             Began as a Minotaur Berserker on Jan 5, 2024.
             Was an Elder of Trog.
             Slain by Psyche
             ... wielding a +3 dagger of chaos
              (17 damage)
             ... on level 8 of the Dungeon on Jan 6, 2024.
             The game lasted 00:29:35 (8575 turns).

Curundu the Cleaver (Minotaur Berserker)            Turns: 8575, Time: 00:29:35

Health: -1/79      AC: 19    Str: 25    XL:     9   Next: 51%
Magic:  8/8        EV:  5    Int:  4    God:    Trog [****..]
Gold:   295        SH:  0    Dex: 11    Spells: 8/8 levels left

rFire   . . .        a - +0 hand axe
rCold   . . .        z - +0 kite shield
rNeg    . . .        D - +0 chain mail
rPois   .            (helmet restricted)
rElec   .            B - +2 cloak
rCorr   .            g - +0 pair of gloves
SInv    .            (no boots)
Will    .....        (no amulet) Stlth
                     b - +4 ring of protection
HPRegen 0.33/turn    (no ring)
MPRegen 0.11/turn

%: no passive effects
@: lethally poisoned (-1 -> -4), on berserk cooldown, held, slowed, very slow
A: horns 2, retaliatory headbutt
a: Renounce Religion, Berserk, Trog's Hand, Brothers in Arms


You were on level 8 of the Dungeon.
You worshipped Trog.
Trog was greatly pleased with you.
You visited 1 branch of the dungeon, and saw 8 of its levels.
You also visited: Sewer.

You collected 295 gold pieces.

Inventory:

Hand Weapons
 a - a +0 hand axe (weapon)
Missiles
 h - 4 atropa-tipped darts
 j - 19 poisoned darts
 y - 7 curare-tipped darts
Armour
 g - a +0 pair of gloves (worn)
 z - a +0 kite shield (worn)
 B - a +2 cloak (worn)
 D - a +0 chain mail (worn)
Jewellery
 b - a +4 ring of protection (left hand)
 e - a ring of flight
 A - a +6 ring of intelligence
 E - a ring of ice
Wands
 l - a wand of flame (12)
 C - a wand of light (5)
Scrolls
 d - a scroll of poison {unknown}
 f - 2 scrolls of silence
 i - 4 scrolls of teleportation
 k - 3 scrolls of blinking
 m - 2 scrolls of enchant armour {unknown}
 n - 4 scrolls of fear {unknown}
 o - 2 scrolls of revelation {unknown}
 q - 3 scrolls of enchant weapon {unknown}
 r - a scroll of amnesia {unknown}
 t - a scroll of brand weapon {unknown}
 v - a scroll of fog {unknown}
 G - a scroll of vulnerability {unknown}
Potions
 c - a potion of mutation {unknown}
 p - 4 potions of curing
 s - 3 potions of heal wounds
 u - a potion of invisibility
 x - 3 potions of haste
 F - 2 potions of brilliance


   Skills:
 - Level 7.6 Fighting
 + Level 11.4 Axes
 - Level 7.0 Armour
 - Level 6.5 Dodging


You had 8 spell levels left.
You didn't know any spells.
Your spell library was empty.

Dungeon Overview and Level Annotations

Branches:
Dungeon (8/15)             Temple (0/1) D:7           Sewer (visited)
   Lair: D:8-11

Altars:
Dithmenos
Trog
Uskayaw
Vehumet

Shops:
D:2 :   D:3 !   D:6 [

Annotations:
D:7 2 transporters, Kunndt's ghost, novice HuAl
D:8 Psyche


Innate Abilities, Weirdness & Mutations

You have a pair of horns on your head.
You reflexively headbutt those who attack you in melee.


Message History

You slash something! Your headbutt misses something.
You feel very sick. Something hits you.
You are more poisoned.
You miss something.
You feel extremely sick. Something hits you but does no damage.
Something hits you.
A red film seems to cover your vision as you go berserk!
You feel yourself moving faster!
You feel mighty!
You feel extremely sick.
You hear some strange, mumbled words.
A swirling arc of seething chaos appears!
An arc of chaos appears from out of thin air!
The arc of chaos hits you but does no damage.
Something hits you but does no damage.
You are confused.
Okay, then.
You bump into the rock wall.
You feel a strong urge to attack something.
You feel very sick.
You hear some strange, mumbled words.
You feel very sick. Something completely misses you.
You're too confused to move!
You feel your anger nearly subside.
You feel sick.
Something hits you but does no damage. x2
You bump into the rock wall.
You are no longer berserk.
You are exhausted.
You feel as though you will be slow longer.
You feel sick.
You hear some strange, mumbled words.
A swirling arc of seething chaos appears!
An arc of chaos appears from out of thin air!
The arc of chaos hits you.
You are caught in a web!
* * * LOW HITPOINT WARNING * * *
You struggle to detach yourself from the web.
You feel less confused.
You feel sick. Something hits you but does no damage.
You are electrocuted!
You die...

... #.# #.# . ###.# ####
... ...? .....
....###.###########.....#
...........{.$..........#
#$.$.....@#######.....#
#.....~.......###.....#
#....~~...............#
#...~≈~...............#
#....~~....(..........#
#.^...................#
#.........<...........#
##########....#########
#....#


There were no monsters in sight!

Vanquished Creatures
  Pikel (D:5)
  Sigmund (D:3)
  Menkaure (D:3)
  2 water moccasins (D:6)
  An orc warrior (D:6)
  3 sky beasts (D:7)
  An ogre (D:7)
  A centaur (D:6)
  A lemure (D:5)
  3 kobold brigands
  A bullfrog (D:7)
  A scorpion (D:5)
  3 wights (D:6)
  4 killer bees (D:7)
  2 howler monkeys (D:7)
  2 bombardier beetles
  2 orc priests
  Crazy Yiuf (D:5)
  A hound (D:3)
  2 gnoll boudas
  A sleepcap (D:5)
  An iguana (D:4)
  4 orc wizards
  Ijyb (D:5)
  7 adders
  12 gnolls
  A river rat (D:3)
  A shadow imp (D:5)
  4 ribbon worms
  4 dart slugs
  22 orcs
  6 bats
  6 endoplasms
  3 giant cockroaches
  7 hobgoblins
  9 jackals
  4 quokkas
  9 ball pythons
  2 frilled lizards
  6 goblins
  13 kobolds
  11 rats
168 creatures vanquished.

Notes
Turn   | Place    | Note
-------+----------+-------------------------------------------
     0 | D:1      | Curundu the Minotaur Berserker began the quest for the Orb.
     0 | D:1      | Reached XP level 1. HP: 19/19 MP: 0/0
   193 | D:1      | Reached XP level 2. HP: 17/27 MP: 1/1
   410 | D:1      | Reached skill level 4 in Axes
   490 | D:1      | Reached XP level 3. HP: 25/33 MP: 2/2
   529 | D:1      | Reached ** piety under Trog
   825 | D:2      | Found Riosehag's Vocational Training.
   917 | D:2      | Found a faded altar of an unknown god.
   977 | D:2      | Upgraded the game from 0.31-a0-1589-g8f5e8aebd6 to
                  | 0.31-a0-1591-g515db51633
  1917 | D:3      | Noticed Sigmund
  1924 | D:3      | Killed Sigmund
  1925 | D:3      | Reached skill level 5 in Axes
  1925 | D:3      | Reached XP level 4. HP: 41/41 MP: 3/3
  1925 | D:3      | Reached XP level 5. HP: 47/47 MP: 4/4
  2005 | D:3      | Reached skill level 5 in Fighting
  2046 | D:3      | Found a glowing drain.
  2142 | Sewer    | Entered a sewer
  2167 | Sewer    | Reached XP level 6. HP: 21/56 MP: 5/5
  3096 | D:3      | Found Xunuaf's Distillery.
  3420 | D:3      | Reached XP level 7. HP: 61/62 MP: 6/6
  3516 | D:4      | Noticed Menkaure
  3527 | D:3      | Killed Menkaure
  3528 | D:3      | Reached skill level 5 in Armour
  3574 | D:4      | Reached skill level 6 in Axes
  3608 | D:3      | HP: 2/62 [orc wizard/+0 dagger (4)]
  3841 | D:4      | Reached skill level 5 in Dodging
  4055 | D:4      | Reached *** piety under Trog
  4440 | D:4      | Found a radiant altar of Vehumet.
  4712 | D:5      | Entered Level 5 of the Dungeon
  4730 | D:5      | Noticed Pikel
  4747 | D:5      | Killed Pikel
  4748 | D:5      | Reached skill level 7 in Axes
  4748 | D:5      | Reached XP level 8. HP: 65/71 MP: 7/7
  5162 | D:5      | Found a runed translucent door.
  5163 | D:5      | Noticed Crazy Yiuf
  5261 | D:5      | Killed Crazy Yiuf
  5467 | D:5      | Noticed Ijyb
  5480 | D:5      | Killed Ijyb
  6306 | D:6      | Found Waymiule's Armour Shop.
  6392 | D:6      | Found a shadowy altar of Dithmenos.
  6533 | D:6      | Reached skill level 8 in Axes
  6789 | D:6      | Reached XP level 9. HP: 44/79 MP: 8/8
  6798 | D:6      | Found a hide-covered altar of Uskayaw.
  6912 | D:6      | Noticed a +0 short sword
  6913 | D:6      | Noticed a +0 spear
  6914 | D:6      | Noticed a +0 spear
  6914 | D:6      | Noticed a +0 dagger
  6915 | D:6      | Noticed a +0 dagger
  6916 | D:6      | Noticed a +0 short sword
  6917 | D:6      | Noticed a +0 falchion
  6917 | D:6      | Noticed a +0 falchion
  7028 | D:6      | Reached skill level 9 in Axes
  7930 | D:7      | Reached skill level 10 in Axes
  7984 | D:7      | Found a transporter.
  7992 | D:7      | Noticed Kunndt's ghost (novice HuAl)
  7993 | D:7      | Found a bloodstained altar of Trog.
  7993 | D:7      | Found a transporter.
  7993 | D:7      | Noticed a moth of wrath
  8136 | D:7      | Found a staircase to the Ecumenical Temple.
  8220 | D:7      | Reached skill level 11 in Axes
  8227 | D:7      | Reached **** piety under Trog
  8556 | D:8      | Noticed Psyche
  8575 | D:8      | Slain by Psyche

Illustrated notes

Levels and vault maps discovered:
D:1:      amcnicky_arrival_choice, layout_rooms
D:2:      layout_basic, hellmonk_ecumenical_altar_leap_of_faith,
          nicolae_shop_vocational
D:3:      layout_basic, serial_shops, nicolae_shop_tiny_statue_garden,
          gup_sewer_entry_bubbles, uniq_sigmund
D:4:      layout_loops_ring, nicolae_vehumet_altar_sigil, uniq_menkaure
D:5:      layout_layer_cave, uniq_ijyb, uniq_crazy_yiuf_cottage, uniq_pikel
D:6:      layout_basic, nicolae_uskayaw_en_pointe,
          nicolae_dithmenos_shadow_blocks, serial_shops,
          nicolae_shop_behind_doors, minmay_tree_intersection
D:7:      layout_basic, minmay_temple_entry_stoned_glass,
          gammafunk_ghost_wrathful_warriors
D:8:      minmay_cornered_nines, layout_basic, grunt_ministairs_9, uniq_psyche

Skill      XL: |  1  2  3  4  5  6  7  8  9 |
---------------+----------------------------+-----
Axes           | 4 5 7 8 11 | 11.4
Fighting       | 4 5 6 7 |  7.6
Armour         | 3 4 6 7 |  7.0
Dodging        | 3 4 5 6 |  6.5

Action                     |  1- 3 |  4- 6 |  7- 9 || total
---------------------------+-------+-------+-------++-------
  Melee: Hand axe          |    91 |   123 |   352 ||   566
         Headbutt          |    13 |    17 |    66 ||    96
         Punch             |       |     2 |       ||     2
 Invoke: Berserk           |     1 |     1 |     4 ||     6
         Trog's Hand       |       |       |     1 ||     1
    Use: Scroll            |       |       |    10 ||    10
 Armour: Animal skin       |    74 |    66 |    46 ||   186
         Ring mail         |       |       |    44 ||    44
         Chain mail        |       |       |   176 ||   176
         Skin              |       |       |     1 ||     1
  Dodge: Dodged            |    69 |    89 |   142 ||   300
  Block: Kite shield       |       |       |    81 ||    81

Table legend: (Time is in decaauts)
 A = Elapsed time spent in this place.
 B = Non-inter-level travel time spent in this place.
 C = Inter-level travel time spent in this place.
 D = Time resting spent in this place.
 E = Time spent auto-exploring this place.
 F = Levels seen in this place.
 G = Mean time per level.
                   A        B        C        D        E       F      G
               +--------+--------+--------+--------+--------+-----+--------+
         Total |   8749 |   8736 |     13 |    865 |   5741 |   9 |  972.1 |
       Dungeon |   7980 |   7967 |     13 |    605 |   5399 |   8 |  997.5 |
         Sewer |    769 |    769 |      0 |    260 |    341 |   1 |  769.0 |
               +--------+--------+--------+--------+--------+-----+--------+

Top non-repeatable levels by time:
     D:6: 1586 daAuts
     D:5: 1474 daAuts
     D:3: 1444 daAuts
     D:2: 938 daAuts
     D:4: 911 daAuts
     D:1: 793 daAuts
     D:7: 791 daAuts
   Sewer: 769 daAuts
     D:8: 39 daAuts
